AoeStats
← CLOUS

Arabia

506506177Analyzed
2v2 RM · 19d ago on Sep 13, 2026· 31m 11s· 4 players
Game mode
Random Map
Map size
Medium (4 player)
Population
200
Speed
Normal
Resources
Standard
Victory
Conquest
Starting age
Dark Age
Ending age
Imperial Age
RankedLock teamsTeams togetherTeam positionsShared explorationLock speedFull tech treeHidden civsTurbo modeCheats
Victory
Defeat
🇦🇷 Mongols · Argentina
1268
+17
🇦🇷 Burgundians · Argentina
1268
+17
🇦🇷 Mongols · Argentina
1294
-17
🇨🇱 Romans · Chile
1293
-17
samuel_ojeda
8:59 Feudal Age
9:02 Man-at-Arms
9:28 Loom
11:48 Fletching
17:59 Padded Archer Armor
17:55 Gold Mining
26:01 Castle Age
25:40 Double-Bit Axe
26:16 Horse Collar
26:26 Crossbowman
27:02 Bodkin Arrow
27:49 Leather Archer Armor
29:56 Ballistics
Alejandro Manco
6:37 Loom
8:56 Feudal Age
9:19 Double-Bit Axe
10:30 Bow Saw
11:19 Town Watch
15:46 Horse Collar
21:36 Castle Age
20:16 Scale Barding Armor
20:14 Gold Mining
21:06 Forging
22:51 Chain Barding Armor
21:53 Cavalier
23:30 Wheelbarrow
24:41 Gold Shaft Mining
27:14 Husbandry
28:13 Fletching
29:01 Iron Casting
CLOUS
6:06 Loom
8:27 Feudal Age
9:18 Double-Bit Axe
11:21 Horse Collar
21:14 Castle Age
20:03 Gold Mining
20:52 Bloodlines
22:07 Husbandry
22:42 Bow Saw
25:03 Heavy Plow
25:44 Squires
25:09 Pikeman
26:28 Forging
26:19 Scale Mail Armor
27:21 Squires
larry fisherman
6:47 Loom
9:31 Feudal Age
9:42 Man-at-Arms
16:12 Double-Bit Axe
16:09 Horse Collar
21:02 Fletching
26:31 Castle Age
25:51 Gold Mining
26:55 Scale Mail Armor
26:33 Long Swordsman
27:32 Forging
27:27 Squires
27:04 Pikeman
28:27 Chain Mail Armor
29:40 Iron Casting
Connection lost

Rejoining the realm…

Still unreachable

The connection could not be restored.

Session expired

The server has moved on; the page needs a fresh start.